 Dungeon Crawl Stone Soup version 0.15-a0-792-g2588c39 (webtiles) character file.

3 zercules the Insei (level 1, -2/15 HPs)
             Began as a Demonspawn Transmuter on May 13, 2014.
             Slain by a goblin
             ... wielding a +2,+2 dagger of protection
              (3 damage)
             ... on Level 1 of the Dungeon.
             The game lasted 00:01:08 (392 turns).

zercules the Insei (Demonspawn Transmuter)           Turns: 392, Time: 00:01:08

HP  -2/15        AC  2     Str 10      XL: 1   Next: 41%
MP   2/3         EV 12     Int 14      God:
Gold 23          SH  0     Dex 13      Spells:  1 memorised,  3 levels left

rFire  . . .     SeeInvis .       - Unarmed
rCold  . . .     Clarity  .     c - +0 robe
rNeg   . . .     Conserve .     (no shield)
rPois  .         rCorr    .     (no helmet)
rElec  .         rRot     .     (no cloak)
SustAb . .       Spirit   .     (no gloves)
rMut   .         Warding  .     (boots unavailable)
Gourm  .         Stasis   .     (no amulet)
MR     .....                    (no ring)
                                (no ring)

@: appendage (expiring), not resistant to hostile enchantments, very unstealthy
A: talons 3
a: End Transformation


You were on level 1 of the Dungeon.
You were not hungry.
You had grown temporary talons.
You visited 1 branch of the dungeon, and saw 1 of its levels.

You collected 23 gold pieces.

Inventory:

Missiles
 b - 12 arrows
Armour
 c - a +0 robe (worn)
Comestibles
 a - a bread ration
Scrolls
 e - 2 scrolls of remove curse {unknown}
 f - a scroll of identify {unknown}
 g - a scroll of blinking {unknown}
Books
 d - a book of Changes


   Skills:
 - Level 1.0 Fighting
 - Level 1.7 Dodging
 + Level 2.7 Unarmed Combat
 - Level 2.0 Spellcasting
 + Level 2.0 Transmutations


You had 3 spell levels left.
You knew the following spells:

 Your Spells              Type           Power        Failure   Level  Hunger
a - Beastly Appendage     Trmt           #.....       12%         1    ##.....


Dungeon Overview and Level Annotations

Branches:
Dungeon (1/15)

Altars:


Innate Abilities, Weirdness & Mutations

You have claws for feet.


Message History

You barely miss the rat. The rat bites you.
You take 1 damage, and have 11/15 hp.
You hit the rat but do no damage. The rat bites you.
You take 3 damage, and have 8/15 hp.
You are too injured to fight recklessly!
You are too injured to fight recklessly!
You hit the rat.
You kill the rat!
You see here a rat corpse.
A rat comes into view.
You see here a scroll labeled OTROTZ ODUWYGHIGH.
e - a scroll labeled OTROTZ ODUWYGHIGH The rat bites you.
You take 2 damage, and have 6/15 hp.
You barely miss the rat. The rat barely misses you.
You closely miss the rat. The rat bites you.
* * * LOW HITPOINT WARNING * * *
You take 2 damage, and have 4/15 hp.
You hit the rat.
You kill the rat!
You start resting.
You regained 5 hp, and now have 9/15 hp.
You start resting.
You regained 5 hp, and now have 14/15 hp.
You start resting.
Health restored: 15 You see here a rat corpse.
You now have 12 gold pieces.
A ball python comes into view.
Spoiler Alert: The ball python (sleeping) can constrict!
A ball python is nearby!
You see here a scroll labeled OTROTZ ODUWYGHIGH.
Spoiler Alert: The ball python can constrict!
You barely miss the ball python. The ball python barely misses you.
The ball python closely misses you. x2
The ball python misses you.
You hit the ball python but do no damage.
The ball python barely misses you. The ball python closely misses you.
You hit the ball python.
You kill the ball python!
Your Transmutations skill increases to level 2!
No target in view!
e - 2 scrolls labeled OTROTZ ODUWYGHIGH (gained 1)
f - a scroll labeled FROEZOOKAWO You open the door.
There is an open door here.
A kobold comes into view.
The kobold shouts!
The kobold moves out of view.
The kobold is too close now for your liking.
A kobold is nearby!
You barely miss the kobold. The kobold closely misses you.
You hit the kobold.
You kill the kobold!
No target in view!
g - a scroll labeled AJAEPREGRI
Found a stone staircase leading down.
You open the door.
There is an open door here.
You now have 23 gold pieces (gained 11).
A goblin comes into view.
A goblin comes into view. It is wielding a glowing dagger.
The goblin shouts!
You see here 31 arrows.
You closely miss the goblin. The goblin completely misses you.
The goblin misses you.
You hit the goblin. The goblin barely misses you.
You hit the goblin but do no damage.
The goblin hits you with a glowing dagger.
The goblin closely misses you.
You take 3 damage, and have 12/15 hp.
Your feet morph into talons.
The goblin closely misses you. The goblin hits you.
You take 3 damage, and have 9/15 hp.
You now have 2/3 mp.
You are too injured to fight recklessly!
You are too injured to fight recklessly!
You are too injured to fight recklessly!
You are too injured to fight recklessly!
You are too injured to fight recklessly!
You hit the goblin.
You kill the goblin!
The goblin hits you with a glowing dagger.
You take 1 damage, and have 8/15 hp.
You are too injured to fight recklessly!
You are too injured to fight recklessly!
You are too injured to fight recklessly!
You hit the goblin but do no damage. The goblin hits you but does no damage.
You hit the goblin but do no damage.
The goblin hits you with a glowing dagger.
You take 3 damage, and have 5/15 hp.
You hit the goblin but do no damage. Your kick misses the goblin.
The goblin hits you with a glowing dagger.
* * * LOW HITPOINT WARNING * * *
You take 4 damage, and have 1/15 hp.
MASSIVE DAMAGE!!
Your transformation is almost over.
You hit the goblin but do no damage. The goblin barely misses you.
You closely miss the goblin.
The goblin hits you with a glowing dagger.
You die...

..## . .... .. . #..# .. #.#...
.. # ###.#?.# .#+##. . #.
......##......
..#.#+####.#.......#.#
>......................
...##....##..@g...#.#.#
................(.........
#....###+#....#.........#
#.#+#....#........$.#.#.#
#...+....'.####.#.#.# ..#
##...#....### #.#.#... . .
.........## #.#.#.### #.#
##...###.# #.#.#.. #.#
##...#.#.#######.#.###########.#


You could see a goblin.

Vanquished Creatures
  A ball python (D:1)
  A goblin (D:1)
  A kobold (D:1)
  2 rats (D:1)
5 creatures vanquished.

Vanquished Creatures (others)
  A rat (D:1)
1 creature vanquished.

Grand Total: 6 creatures vanquished

Notes
Turn   | Place    | Note
--------------------------------------------------------------
     0 | D:1      | zercules, the Demonspawn Transmuter, began the quest for the Orb.
     0 | D:1      | Reached XP level 1. HP: 15/15 MP: 3/3
   264 | D:1      | Reached skill level 2 in Transmutations
   388 | D:1      | HP: 1/15 [goblin/glowing dagger (4)]
   392 | D:1      | Slain by a goblin

Action                   || total
-------------------------++-------
Melee: Unarmed           ||    22
 Cast: Beastly Appendage ||     1

Vault maps used:
D:1:      ldierk_walled_garden, lemuel_flame_loot_1

Table legend:
 A = Turns spent in this place as a percentage of turns spent in the entire game.
 B = Non-inter-level travel turns spent in this place as a percentage of non-inter-level travel turns spent in the entire game.
 C = Inter-level travel turns spent in this place as a percentage of turns spent in this place.
 D = Turns resting spent in this place as a percentage of non-inter-level travel turns spent in this place.
 E = Turns spent auto-exploring this place as a percentage of non-inter-level travel turns spent in this place.
 F = Non-inter-level travel turns spent in this place divided by the number of levels of this place that you've seen.
                   A       B       C       D       E      F
               +-------+-------+-------+-------+-------+----------------------
         Total | 100.0 | 100.0 |   0.0 |   4.5 |   9.1 |  88.0
       Dungeon | 100.0 | 100.0 |   0.0 |   4.5 |   9.1 |  88.0
               +-------+-------+-------+-------+-------+----------------------

Table legend:
 A = Kills in this place as a percentage of kills in entire the game.
 B = Kills by you in this place as a percentage of kills by you in the entire game.
 C = Kills by friends in this place as a percentage of kills by friends in the entire game.
 D = Other kills in this place as a percentage of other kills in the entire game.
 E = Experience gained in this place as a percentage of experience gained in the entire game.
 F = Experience gained in this place divided by the number of levels of this place that you have seen.
                   A       B       C       D       E      F
               +-------+-------+-------+-------+-------+----------------------
         Total | 100.0 | 100.0 |  -nan |  -nan | 100.0 |   5.0
       Dungeon | 100.0 | 100.0 |  -nan |  -nan | 100.0 |   5.0
               +-------+-------+-------+-------+-------+----------------------
